 Dungeon Crawl Stone Soup version 0.19-a0-1626-g5215c36 (webtiles) character file.

175 wazuzu the Stinger (level 5, -4/42 HPs)
             Began as a Naga Venom Mage on Sept 18, 2016.
             Slain by a mummy (18 damage)
             ... in an ossuary.
             The game lasted 00:15:45 (3146 turns).

wazuzu the Stinger (Naga Venom Mage)                Turns: 3146, Time: 00:15:46

Health: -4/42      AC:  4    Str: 10    XL:     5   Next: 55%
Magic:  20/20      EV: 10    Int: 16    God:
Gold:   133        SH:  0    Dex: 12    Spells: 3 memorised, 2 levels left

rFire  . . .     SeeInvis +     t - +1 trident
rCold  . . .     Gourm    .     a - +1 robe
rNeg   . . .     Faith    .     (no shield)
rPois  +         Spirit   .     (no helmet)
rElec  .         Dismiss  .     n - +0 cloak
rCorr  .         Reflect  .     (no gloves)
MR     .....     Harm     .     (no barding)
Stlth  ++........               (no amulet)
                                (no ring)
                                g - ring of magical power

@: very slow
A: see invisible, deformed body, poison resistance, slowness 2, slow metabolism
1, spit poison 1, AC +1
a: Spit Poison


You were in an ossuary.
You were hungry.

You visited 1 branch of the dungeon, and saw 4 of its levels.
You also visited: Ossuary.

You collected 133 gold pieces.

Inventory:

Hand Weapons
 t - a +1 trident (weapon)
Armour
 a - a +1 robe (worn)
 l - a +0 buckler
 n - a +0 cloak (worn)
Jewellery
 g - a ring of magical power (left hand)
Wands
 o - a wand of lightning (7/15)
 v - a wand of flame (12/48)
Scrolls
 d - a scroll of remove curse
 u - a scroll of recharging {unknown}
Potions
 e - 2 potions of flight
 k - a potion of agility {unknown}
 p - a potion of berserk rage {unknown}
 r - a potion of might {unknown}
 s - a potion of lignification {unknown}
Books
 b - a Young Poisoner's Handbook

   Spells                             Type                      Level
   a - Sting                          Conjuration/Poison           1
   b - Mephitic Cloud                 Conjuration/Poison/Air       3
   c - Olgreb's Toxic Radiance        Poison                       4
   d - Alistair's Intoxication        Transmutation/Poison         5
   e - Venom Bolt                     Conjuration/Poison           5
Comestibles
 c - 3 bread rations
 h - 2 meat rations
 j - 2 royal jellies
 m - a fruit
 q - 2 chunks of flesh


   Skills:
 + Level 1.3 Polearms
 - Level 1.5 Dodging
 - Level 3.0 Stealth
 - Level 4.2 Spellcasting
 - Level 6.3 Poison Magic


You had 2 spell levels left.
You knew the following spells:

 Your Spells              Type           Power        Failure   Level  Hunger
a - Sting                 Conj/Pois      ##..         6%          1    None
b - Venom Bolt            Conj/Pois      ##........   96%         5    ######.
x - Olgreb's Toxic Radia  Pois           ###.....     14%         4    ####...


Dungeon Overview and Level Annotations

Branches:
Dungeon (4/15)
 Temple: D:4-7

Altars:
Elyvilon
Nemelex Xobeh
Zin
The Shining One


Innate Abilities, Weirdness & Mutations

You cannot wear boots.
Your serpentine skin is tough. (AC +1)
You have supernaturally acute eyesight. (SInv)
Armour fits poorly on your strangely shaped body.
Your system is resistant to poisons. (rPois)
You cover ground very slowly.
You have a slow metabolism.
You can spit poison.


Message History

Press: ? - help, Shift-Dir - straight line, f - mummy
Aim: a mummy The puff of flame hits the mummy.
The mummy is burned terribly!
The mummy is moderately damaged.
This wand has 14 charges left.
The mummy hits you.
Evoke which item? (* to show all) (? for menu, Esc to quit)
Zapping:
v - a wand of flame (14/48)
Press: ? - help, Shift-Dir - straight line, f/p - mummy
Aim: a mummy (moderately damaged)
The puff of flame hits the mummy.
The mummy is burned terribly!
The mummy is severely damaged.
This wand has 13 charges left.
Evoke which item? (* to show all) (? for menu, Esc to quit)
Zapping:
v - a wand of flame (13/48)
Press: ? - help, Shift-Dir - straight line, f/p - mummy
Aim: a mummy (severely damaged)
The puff of flame hits the mummy.
The mummy is burned terribly!
The mummy is almost destroyed.
This wand has 12 charges left.
The mummy hits you!!
You die...

. ##.......## .
..#.........#..
..'....⌠....M..
#M........#
#..^....#
##.....##
###M### #M#
##@## #.∩.#
#.∩.# #####


You could see 2 mummies.

Vanquished Creatures
  An orc priest (D:3)
  2 mummies (Ossuary)
  A gnoll (D:1)
  3 adders
  2 worms (D:3)
  3 dart slugs
  A leopard gecko (D:3)
  6 orcs
  3 giant cockroaches
  4 goblins
  7 hobgoblins
  5 jackals
  7 kobolds
  2 quokkas (D:3)
  A ball python (D:3)
  7 bats
  3 frilled lizards (D:2)
  2 goblin zombies (D:4)
  9 rats
69 creatures vanquished.

Notes
Turn   | Place    | Note
-------+----------+-------------------------------------------
     0 | D:1      | wazuzu the Naga Venom Mage began the quest for the Orb.
     0 | D:1      | Reached XP level 1. HP: 15/15 MP: 3/3
   590 | D:1      | Reached XP level 2. HP: 22/22 MP: 5/5
  1256 | D:1      | Reached XP level 3. HP: 12/28 MP: 7/7
  1527 | D:2      | Found a sparkling altar of Nemelex Xobeh.
  1752 | D:2      | Reached XP level 4. HP: 29/36 MP: 9/9
  1839 | D:2      | Learned a level 4 spell: Olgreb's Toxic Radiance
  1980 | D:2      | Reached skill level 6 in Poison Magic
  2089 | D:2      | Found a glowing golden altar of the Shining One.
  2089 | D:2      | Found a glowing silver altar of Zin.
  2089 | D:2      | Found a white marble altar of Elyvilon.
  2212 | D:3      | Found a faded altar of an unknown god.
  2590 | D:3      | Reached XP level 5. HP: 26/42 MP: 10/11
  3007 | D:3      | Learned a level 5 spell: Venom Bolt
  3062 | D:4      | Noticed a slave
  3087 | D:4      | Found a sand-covered staircase.
  3108 | Ossuary  | Entered an ossuary
  3136 | Ossuary  | Reached skill level 1 in Polearms
  3146 | Ossuary  | Slain by a mummy

Vault maps used:
D:1:      dpeg_arrival_circle_labyrinth_a
D:2:      good_gods_mini_temple, nemelex_xobeh_ov_fountains_minmay,
          minmay_distorted
D:3:      first_bread, ecumenical_altar_2
D:4:      enter_ossuary_4, uniq_pikel
Ossuary:  ossuary_crypta

Skill      XL: |  1  2  3  4  5 |
---------------+----------------+-----
Spellcasting   | 3 4 |  4.2
Poison Magic   | 6 |  6.3
Polearms       | 1 |  1.3
Dodging        | |  1.5
Stealth        | |  3.0

Action                   |  1- 3 |  4- 6 || total
-------------------------+-------+-------++-------
Melee: Unarmed           |     4 |       ||     4
       Whip              |     3 |       ||     3
       Spear             |       |    31 ||    31
       Trident           |       |    21 ||    21
 Cast: Sting             |    69 |    55 ||   124
       Olgreb's Toxic Ra |       |     1 ||     1
Evoke: Wand              |       |    10 ||    10
  Use: Scroll            |     2 |    11 ||    13
       Potion            |       |     2 ||     2
 Stab: Sleeping          |       |     4 ||     4
  Eat: Chunk             |     2 |     3 ||     5
Armor: Robe              |     6 |    11 ||    17
Dodge: Dodged            |    21 |    29 ||    50
